[Event "Polish Youth G18 Championship 2023"]
[Site "Jastrzebia Gora"]
[Date "2023.03.13"]
[Round "2.12"]
[White "Anyz, Monika"]
[Black "Czerwinska, Oliwia"]
[Result "0-1"]
[ECO "C50"]
[WhiteElo "1755"]
[BlackElo "1369"]
[Annotator "NA RC COMBH"]
[PlyCount "118"]
[EventDate "2023.03.11"]
[EventType "swiss"]
[EventCountry "POL"]
[SourceTitle "playchess.com"]
[Source "ChessBase"]
[SourceQuality "1"]
[TimeControl "40/5400+30:1800+30"]

1. e4 e5 2. Nf3 Nc6 3. d4 exd4 4. Bc4 Be7 5. c3 Na5 6. Qxd4 Nxc4 7. Qxc4 d6 8. O-O Nf6 9. h3 O-O 10. Be3 Be6 11. Qd3 Nd7 12. Nbd2 a6 13. a4 Ne5 14. Qc2 Qc8 15. Nd4 Nc4 16. Nxc4 Bxc4 17. Rfe1 Be6 18. Rad1 Bf6 19. Nf3 b6 20. b4 Qb7 21. Bd4 Be7 22. e5 Bxh3 23. Qe4 Qxe4 24. Rxe4 Bf5 25. Ree1 Rad8 26. Rd2 d5 27. Red1 c5 28. bxc5 bxc5 29. Be3 Be6 30. Rb1 Rb8 31. Rdb2 Rxb2 32. Rxb2 Ra8 33. Rb7 Kf8 34. Rc7 Rc8 35. Ra7 Rc6 36. Ra8+ Bc8 37. Kf1 Ke8 38. Ra7 h6 39. Ra8 Kd8 40. Bf4 g5 41. Bg3 Ke8 42. Nd2 Bd8 43. Rb8 Be6 44. f4 Rb6 45. Rxb6 Bxb6 46. fxg5 hxg5 47. Bf2 Kd7 48. a5 Bxa5 49. Nb3 Bxc3 50. Nxc5+ Kc6 51. Nxa6 d4 52. Nb4+ Bxb4 53. Bxd4 Bc4+ 54. Kf2 Bc5 55. Ke3 Bd5 56. g3 Bxd4+ 57. Kxd4 Be6 58. Ke4 Kc5 59. Ke3 Kd5 0-1

[Event "Polish Youth G18 Championship 2023"]
[Site "Jastrzebia Gora"]
[Date "2023.03.13"]
[Round "2.13"]
[White "Bartoszek, Julia"]
[Black "Trybus, Dominika"]
[Result "1-0"]
[ECO "B16"]
[WhiteElo "1344"]
[BlackElo "1543"]
[Annotator "NA RC COMBH"]
[PlyCount "127"]
[EventDate "2023.03.11"]
[EventType "swiss"]
[EventCountry "POL"]
[SourceTitle "playchess.com"]
[Source "ChessBase"]
[SourceQuality "1"]
[TimeControl "40/5400+30:1800+30"]

1. e4 c6 2. d4 d5 3. Nc3 dxe4 4. Nxe4 Nf6 5. Nxf6+ gxf6 6. Nf3 Bg4 7. Be2 Nd7 8. c3 Nb6 9. Qc2 Qd6 10. h3 Bxf3 11. Bxf3 O-O-O 12. Be3 e6 13. O-O-O Nd5 14. Kb1 Qc7 15. Bxd5 cxd5 16. Rhe1 Bd6 17. Qa4 Kb8 18. Rc1 Qd7 19. Qb3 Rc8 20. Qc2 Qb5 21. Qe2 Qd7 22. Qf3 Be7 23. Bf4+ Ka8 24. Qh5 Bd8 25. Re3 Rc6 26. Rg3 e5 27. dxe5 Rc4 28. Be3 fxe5 29. Qxe5 Re8 30. Qh5 Rh4 31. Qf3 f5 32. Bg5 Rhe4 33. Bxd8 Rxd8 34. Rg5 f4 35. Rd1 Qe6 36. Qd3 Re1 37. f3 h6 38. Rg4 Rxd1+ 39. Qxd1 Qf5+ 40. Qc2 Qe5 41. Qd2 Qf5+ 42. Kc1 Rf8 43. Rg7 Re8 44. Rg4 Rf8 45. Qe2 Qf6 46. Qf2 h5 47. Rh4 Qe5 48. Qd2 Qg5 49. Qf2 Rc8 50. Kd2 d4 51. Kd1 dxc3 52. bxc3 Qd5+ 53. Qd2 Qg5 54. Rxf4 Qg6 55. Re4 Qb6 56. Rb4 Qg6 57. Qd5 Rb8 58. g4 hxg4 59. hxg4 Qf6 60. Rd4 Qh4 61. g5 Qh1+ 62. Kc2 Qh7+ 63. Qe4 Qh2+ 64. Rd2 1-0

[Event "Polish Youth G18 Championship 2023"]
[Site "Jastrzebia Gora"]
[Date "2023.03.13"]
[Round "2.14"]
[White "Krzyzosiak, Anna"]
[Black "Gornisiewicz, Natalia"]
[Result "1-0"]
[ECO "C00"]
[WhiteElo "1503"]
[BlackElo "1287"]
[Annotator "NA RC COMBH"]
[PlyCount "57"]
[EventDate "2023.03.11"]
[EventType "swiss"]
[EventCountry "POL"]
[SourceTitle "playchess.com"]
[Source "ChessBase"]
[SourceQuality "1"]
[TimeControl "40/5400+30:1800+30"]

1. e4 e6 2. d3 d5 3. Qe2 dxe4 4. dxe4 Nf6 5. Nf3 c5 6. g3 Be7 7. Bg2 Nc6 8. c3 b6 9. O-O O-O 10. Na3 a6 11. Nc4 Nd7 12. Rd1 b5 13. Nd6 Bxd6 14. Rxd6 Qc7 15. Qd1 Nb6 16. b3 Rd8 17. Bf4 Bb7 18. Rxd8+ Qxd8 19. Qxd8+ Nxd8 20. Bc7 Nd7 21. Rd1 Bc6 22. Rd6 Nb7 23. Rxc6 Rc8 24. e5 Nb8 25. Rb6 Rxc7 26. Ne1 Nd7 27. Rxb7 Rxb7 28. Bxb7 Nxe5 29. Bxa6 1-0

[Event "Polish Youth G18 Championship 2023"]
[Site "Jastrzebia Gora"]
[Date "2023.03.13"]
[Round "2.15"]
[White "Tittor, Weronika"]
[Black "Dallemura, Anna"]
[Result "0-1"]
[ECO "C54"]
[WhiteElo "1226"]
[BlackElo "1496"]
[Annotator "NA RC COMBH"]
[PlyCount "72"]
[EventDate "2023.03.11"]
[EventType "swiss"]
[EventCountry "POL"]
[SourceTitle "playchess.com"]
[Source "ChessBase"]
[SourceQuality "1"]
[TimeControl "40/5400+30:1800+30"]

1. e4 e5 2. Nf3 Nc6 3. Bc4 Bc5 4. c3 Nf6 5. d4 exd4 6. cxd4 Bb4+ 7. Nbd2 d5 8. exd5 Nxd5 9. O-O O-O 10. a3 Be7 11. Re1 Nb6 12. Bd3 Bf6 13. Nb3 Bg4 14. Be3 Qd5 15. Rc1 Rad8 16. Nc5 Nxd4 17. Be4 Qh5 18. Bxd4 Bxd4 19. Qc2 Bxc5 20. Qxc5 Qxc5 21. Rxc5 c6 22. Ne5 Be6 23. Nf3 h6 24. h3 Rd7 25. g4 Nc4 26. Re2 Rd1+ 27. Kg2 Rfd8 28. Kg3 R1d7 29. g5 Bd5 30. Bxd5 cxd5 31. gxh6 gxh6 32. Nd4 Kh7 33. Kg4 Rg8+ 34. Kf5 Nd6+ 35. Kf4 Ne4 36. f3 Nxc5 0-1

[Event "Polish Youth G18 Championship 2023"]
[Site "Jastrzebia Gora"]
[Date "2023.03.13"]
[Round "2.16"]
[White "Szczotka, Matylda"]
[Black "Olszewska, Wiktoria"]
[Result "1-0"]
[ECO "B18"]
[WhiteElo "1451"]
[BlackElo "1287"]
[Annotator "NA RC COMBH"]
[PlyCount "65"]
[EventDate "2023.03.11"]
[EventType "swiss"]
[EventCountry "POL"]
[SourceTitle "playchess.com"]
[Source "ChessBase"]
[SourceQuality "1"]
[TimeControl "40/5400+30:1800+30"]

1. e4 c6 2. d4 d5 3. Nc3 dxe4 4. Nxe4 Bf5 5. Ng3 Bg6 6. N1e2 Nd7 7. Nf4 e5 8. Nxg6 hxg6 9. Be3 Ngf6 10. Bc4 Qa5+ 11. c3 Be7 12. Qc2 Ng4 13. O-O-O Rd8 14. Qe2 Ngf6 15. f4 exd4 16. Bxd4 Kf8 17. Qf3 g5 18. Kb1 gxf4 19. Qxf4 b5 20. Bb3 c5 21. Bxf6 Nxf6 22. Nf5 Re8 23. Nd6 Bxd6 24. Qxd6+ Kg8 25. Qxc5 Rh5 26. Qc6 Rhe5 27. Rhf1 R5e7 28. h3 a6 29. g4 Nh7 30. Bxf7+ Rxf7 31. Qxe8+ Rf8 32. Rxf8+ Nxf8 33. Rf1 1-0

[Event "Polish Youth G18 Championship 2023"]
[Site "Jastrzebia Gora"]
[Date "2023.03.13"]
[Round "2.17"]
[White "Pietrzak, Emilia"]
[Black "Bauer, Marika"]
[Result "1-0"]
[ECO "C70"]
[WhiteElo "1424"]
[BlackElo "1183"]
[Annotator "NA RC COMBH"]
[PlyCount "97"]
[EventDate "2023.03.11"]
[EventType "swiss"]
[EventCountry "POL"]
[SourceTitle "playchess.com"]
[Source "ChessBase"]
[SourceQuality "1"]
[TimeControl "40/5400+30:1800+30"]

1. e4 e5 2. Nf3 Nc6 3. Bb5 a6 4. Ba4 b5 5. Bb3 Nf6 6. O-O Bc5 7. c3 d6 8. Re1 Bg4 9. h3 Bh5 10. d3 h6 11. Nbd2 Nh7 12. Bd5 Qd7 13. Nxe5 Bxd1 14. Nxd7 Kxd7 15. Rxd1 Raf8 16. d4 Bb6 17. Bb3 Kc8 18. Nf3 f6 19. Nh4 Ne7 20. Nf5 Nxf5 21. exf5 Re8 22. Be6+ Kb7 23. Re1 Ng5 24. d5 c6 25. Bf4 Kc7 26. Rad1 c5 27. Re2 Re7 28. Kf1 Rhe8 29. Bg3 c4 30. a4 Bc5 31. axb5 axb5 32. Ra1 Rb8 33. f4 Nh7 34. Bf2 Bxf2 35. Kxf2 Nf8 36. Ra7+ Kd8 37. Ra6 Nxe6 38. fxe6 b4 39. Rxd6+ Ke8 40. Rc6 Reb7 41. Rxc4 bxc3 42. bxc3 Rb2 43. Rxb2 Rxb2+ 44. Kf3 Rd2 45. Rd4 Rc2 46. c4 Rc3+ 47. Kg4 Rc2 48. d6 Rxg2+ 49. Kf3 1-0

[Event "Polish Youth G18 Championship 2023"]
[Site "Jastrzebia Gora"]
[Date "2023.03.13"]
[Round "2.18"]
[White "Lopusiewicz, Marta"]
[Black "Gaczol, Julia"]
[Result "0-1"]
[ECO "D02"]
[WhiteElo "1180"]
[BlackElo "1419"]
[Annotator "NA RC COMBH"]
[PlyCount "106"]
[EventDate "2023.03.11"]
[EventType "swiss"]
[EventCountry "POL"]
[SourceTitle "playchess.com"]
[Source "ChessBase"]
[SourceQuality "1"]
[TimeControl "40/5400+30:1800+30"]

1. d4 d5 2. Nf3 e6 3. g3 c6 4. Bg2 Nf6 5. c4 Nbd7 6. O-O dxc4 7. Qc2 Qc7 8. Bf4 Bd6 9. Bxd6 Qxd6 10. Nbd2 b5 11. Rfd1 Bb7 12. a4 a6 13. b3 c5 14. dxc5 Qxc5 15. bxc4 O-O 16. Nb3 Qxc4 17. Qxc4 bxc4 18. Na5 Bd5 19. Rdc1 Rac8 20. Ra3 Rc5 21. Nxc4 Rxc4 22. Rxc4 Bxc4 23. Bf1 Rb8 24. Nd2 Bd5 25. f3 Rb2 26. e4 Rxd2 27. exd5 Rxd5 28. Bxa6 Ra5 29. Bb5 g6 30. Kf2 Nc5 31. Ke3 Nxa4 32. Bxa4 Nd5+ 33. Kd3 Nb6 34. Kc3 Rxa4 35. Rxa4 Nxa4+ 36. Kd4 f6 37. g4 h5 38. h3 Kf7 39. Ke4 e5 40. Kd3 Ke6 41. Ke3 Nc5 42. Kf2 hxg4 43. hxg4 f5 44. gxf5+ gxf5 45. Ke2 Kd5 46. Ke3 f4+ 47. Ke2 Kd4 48. Kd2 Nb3+ 49. Ke2 Kc3 50. Ke1 Kd3 51. Kf2 Kd2 52. Kf1 Ke3 53. Kg2 Ke2 0-1

[Event "Polish Youth G18 Championship 2023"]
[Site "Jastrzebia Gora"]
[Date "2023.03.13"]
[Round "2.19"]
[White "Bychowska, Marta"]
[Black "Pietruszka, Julia"]
[Result "1-0"]
[ECO "C44"]
[WhiteElo "1388"]
[BlackElo "1151"]
[Annotator "NA RC COMBH"]
[PlyCount "73"]
[EventDate "2023.03.11"]
[EventType "swiss"]
[EventCountry "POL"]
[SourceTitle "playchess.com"]
[Source "ChessBase"]
[SourceQuality "1"]
[TimeControl "40/5400+30:1800+30"]

1. e4 e5 2. Nf3 Nc6 3. d4 exd4 4. Nxd4 Nf6 5. Nc3 Bb4 6. Nxc6 bxc6 7. Bd3 d5 8. exd5 cxd5 9. O-O O-O 10. Bg5 Be6 11. Qf3 Be7 12. h3 c5 13. Rfe1 c4 14. Bf1 Rb8 15. b3 h6 16. Bf4 Rc8 17. Be5 Bb4 18. a3 Bxc3 19. Bxc3 cxb3 20. Bxf6 Qxf6 21. Qxf6 gxf6 22. cxb3 a5 23. Re3 d4 24. Rg3+ Kh8 25. Rd1 Rc3 26. Rxd4 Rxb3 27. Rxb3 Bxb3 28. Rd6 Kg7 29. Ra6 Rc8 30. Bb5 Rc1+ 31. Kh2 Rc2 32. f3 Bd5 33. Kg3 Rc5 34. a4 Bb3 35. h4 Kg6 36. Rxa5 Bxa4 37. Bd3+ 1-0

[Event "Polish Youth G18 Championship 2023"]
[Site "Jastrzebia Gora"]
[Date "2023.03.13"]
[Round "2.20"]
[White "Nagly, Malgorzata"]
[Black "Samol, Julia"]
[Result "0-1"]
[ECO "B46"]
[WhiteElo "1041"]
[BlackElo "1374"]
[Annotator "NA RC COMBH"]
[PlyCount "48"]
[EventDate "2023.03.11"]
[EventType "swiss"]
[EventCountry "POL"]
[SourceTitle "playchess.com"]
[Source "ChessBase"]
[SourceQuality "1"]
[TimeControl "40/5400+30:1800+30"]

1. e4 c5 2. Nf3 e6 3. d4 cxd4 4. Nxd4 Nc6 5. Nc3 a6 6. Be3 Qc7 7. g4 Bb4 8. Nxc6 dxc6 9. Qd4 Be7 10. O-O-O e5 11. Qd2 Nf6 12. g5 Ng4 13. Be2 Nxe3 14. Qxe3 Be6 15. h4 Qa5 16. a3 b5 17. h5 b4 18. Nb1 Ba2 19. Rd3 Rb8 20. Qa7 Bxg5+ 21. Nd2 O-O 22. Rg1 Bh6 23. Rgg3 bxa3 24. Rxa3 Qxd2# 0-1

[Event "Polish Youth G18 Championship 2023"]
[Site "Jastrzebia Gora"]
[Date "2023.03.15"]
[Round "5.1"]
[White "Goraj, Barbara"]
[Black "Starosta, Martyna"]
[Result "1-0"]
[ECO "A09"]
[WhiteElo "2130"]
[BlackElo "2138"]
[Annotator "TA"]
[PlyCount "63"]
[EventDate "2023.03.11"]
[EventType "swiss"]
[EventCountry "POL"]
[SourceTitle "playchess.com"]
[Source "ChessBase"]
[SourceQuality "1"]
[TimeControl "40/5400+30:1800+30"]

1. Nf3 d5 2. c4 d4 3. e3 c5 4. b4 dxe3 5. fxe3 cxb4 6. d4 e6 7. Bd3 {[%emt 0:04:06] A09: Réti Opening: 1 Nf3 d5 2 c4.} Nc6 8. O-O Be7 9. Bb2 {[%emt 0:02:52][%cal Od4d5][%mdl 1024] White has compensation. The position is equal.} Bf6 (9... Nh6 $11) 10. Nbd2 $16 b6 (10... Be7 $16 11. Bc2 Nf6) 11. Ne4 $18 Bb7 {[%emt 0:01:24] [#]} 12. Qe1 $146 {[%emt 0:06:33] Qg3 is the strong threat.} ({Predecessor:} 12. Nxf6+ Nxf6 13. e4 O-O 14. d5 exd5 15. exd5 Nb8 16. Ne5 Qd6 17. Ng4 Nxg4 18. Qxg4 {½-½ Birkmann,G (1999)-Schmidt,W (1892) Regionalliga NO 0203 2002 (2.7)}) 12... Qc7 13. Nxf6+ Nxf6 14. e4 (14. d5 exd5 15. cxd5 Nxd5 $16) 14... Nd7 {[%emt 0:07:55] [#]} 15. e5 $1 {[%emt 0:08:31] Black must now prevent Ng5.} (15. d5 $6 Nce5 16. Nxe5 Nxe5 $14) 15... h6 {[%emt 0:04:31] Prevents Ng5} 16. d5 Nd8 (16... Nc5 $142) 17. d6 (17. Qxb4 Qc5+ 18. Qxc5 Nxc5 $14) 17... Qc6 18. Qh4 (18. Qxb4 $6 Qc5+ 19. Qxc5 Nxc5 $16) 18... g5 {[%emt 0:02:31] [#]} (18... O-O $16 19. Rf2 Qc5) 19. Qh5 (19. Qh3 $142 $1) 19... Qc5+ 20. Kh1 {[%emt 0:02:04] Nd4 would be deadly. White is more active.} Qe3 {[%emt 0:03:11] Dodges Nd4} 21. Rad1 $36 {[%emt 0:04:37][%mdl 2048] Strongly threatening Nd4. White has strong initiative.} Qf4 {[%emt 0:03:49][%mdl 8192] Loses the game.} (21... Be4 $16 22. Rfe1 Bxf3 23. gxf3 (23. Qxf3 Qxf3 24. gxf3 Rc8 $11) 23... Qf2) 22. Nd4 Qh4 23. Nxe6 {[%emt 0:02:44][%mdl 64] Decoy} ({Less strong is} 23. Qxh4 gxh4 24. h3 Rg8 $11) 23... Nxe6 (23... Bxg2+ $2 24. Kxg2 Qxh5 25. Ng7+ Kf8 26. Nxh5 $18) (23... Qxh5 24. Ng7+ Kf8 25. Nxh5 Rg8) 24. Qxf7+ Kd8 25. Qxe6 Re8 {[%emt 0:01:53] Against Qe7+} 26. Qf7 (26. Qf5 $142) 26... Qg4 27. Rd2 {[%emt 0:01:34] White threatens Bf5 and mate.} Qe6 28. Qxe6 Rxe6 29. Bf5 Re8 30. Bxd7 Kxd7 31. Rf7+ Kc6 32. Rc7# {Ingenious play by Goraj!   Weighted Error Value: White=0.11 (very precise) /Black=0.91} 1-0

[Event "Polish Youth G18 Championship 2023"]
[Site "Jastrzebia Gora"]
[Date "2023.03.15"]
[Round "5.2"]
[White "Hertlein, Irena"]
[Black "Zabrzanska, Weronika"]
[Result "1-0"]
[ECO "C78"]
[WhiteElo "1994"]
[BlackElo "2021"]
[Annotator "TA"]
[PlyCount "91"]
[EventDate "2023.03.11"]
[EventType "swiss"]
[EventCountry "POL"]
[SourceTitle "playchess.com"]
[Source "ChessBase"]
[SourceQuality "1"]
[TimeControl "40/5400+30:1800+30"]

1. e4 e5 2. Nf3 Nc6 3. Bb5 a6 4. Ba4 Nf6 5. O-O b5 6. Bb3 Bc5 {[%emt 0:00:07] now scores much better than the old 6...Be7.} 7. c3 d6 8. a4 {[%emt 0:00:56] Threatens to win with axb5.} (8. d4 $5 Bb6 9. dxe5 Nxe5 10. Nxe5 dxe5 11. Qxd8+ Kxd8 12. Nd2 $14) 8... Bb7 {[%emt 0:00:36] C78: Ruy Lopez: Archangelsk and Möller Defences.} (8... Nxe4 $2 9. d4 $18) 9. d4 Bb6 10. Bg5 h6 {[%emt 0:00:18] White is slightly better.} 11. Bxf6 Qxf6 12. Bd5 O-O 13. Na3 Rfb8 14. Nc2 (14. dxe5 {with more complications.} Nxe5 15. Bxb7 Rxb7 16. Nxe5 Qxe5 17. Qd5) 14... Nd8 (14... bxa4 $11 15. Rxa4 a5) 15. Bxb7 $16 Nxb7 {[%emt 0:00:57] [#]} 16. dxe5 $146 (16. Ne3 $16) ({Predecessor:} 16. Nb4 exd4 17. Nd5 Qe6 18. Nxd4 Qxe4 19. Nc6 Re8 20. axb5 Nc5 21. Nxb6 cxb6 22. Qxd6 axb5 23. Rxa8 Rxa8 {½-½ Boudre,J (2315)-Karpatchev,A (2533) St Chely d'Aubrac op 6th 2006 (3)}) 16... dxe5 $11 17. axb5 axb5 18. Rxa8 Rxa8 19. Qd5 {[%emt 0:00:13][%csl LRb5,LRb7,LRe5] Dodges Qe6} c6 20. Qxe5 Qxe5 21. Nxe5 Nc5 22. Nxc6 Ra2 (22... Nxe4 $11 {keeps the balance.} 23. Ne3 Ra2) 23. Rb1 (23. Ne7+ $16 Kh7 24. Nd5 Rxb2 25. Nd4) 23... Nxe4 24. N2d4 Nd2 25. Nb4 {[%emt 0:00:19] aiming for Nb3. Excellent horsemanship.} Ra4 26. Rd1 {[%emt 0:00:50][%cal Od4b5] Black must now prevent Nxb5!} Bxd4 27. cxd4 {[%emt 0:00:07][%mdl 4096] Endgame KRN-KRN} Nc4 28. Nd3 {[%emt 0:00:30] And now b3 would win.} Nd2 {[%emt 0:06:25][%mdl 64] Deflection, Back Rank} 29. d5 (29. Rxd2 $2 {gets mated.} Ra1+) 29... Nb3 {[%emt 0:01:44] [#]} 30. Ne5 $1 {[%emt 0:02:44] Hoping for d6.} Rd4 {[%emt 0:02:08] Loses the game.} (30... Kf8 $16) 31. Rxd4 $18 Nxd4 {[%emt 0:00:07] [#] KN-KN} 32. Nc6 $1 Nf5 (32... Nb3 {was worth a try.} 33. Kf1 Nd2+ 34. Ke2 Nc4) 33. Kf1 Kf8 34. Ke2 Ke8 35. Kd3 Kd7 36. Ne5+ Ke7 37. Ke4 Nd6+ 38. Kd4 Nb7 39. b4 f6 40. Nc6+ {[%emt 0:00:00] White is clearly winning.} Kd7 41. Na7 Nd6 42. f3 Kc7 (42... g5 $142 43. Kc5 Nf5) 43. Kc5 Nb7+ 44. Kxb5 Nd6+ 45. Ka6 {[%emt 0:05:04] Nb5+ is the strong threat.} Nb7 {[%emt 0:00:47] [#]} 46. d6+ $1 {[%emt 0:03:34] Weighted Error Value: White=0.10 (very precise) /Black=0.30} 1-0

[Event "Polish Youth G18 Championship 2023"]
[Site "Jastrzebia Gora"]
[Date "2023.03.15"]
[Round "5.3"]
[White "Bukala, Weronika"]
[Black "Kucharska, Helena"]
[Result "0-1"]
[ECO "C42"]
[WhiteElo "1899"]
[BlackElo "1779"]
[Annotator "NA RC COMBH"]
[PlyCount "63"]
[EventDate "2023.03.11"]
[EventType "swiss"]
[EventCountry "POL"]
[SourceTitle "playchess.com"]
[Source "ChessBase"]
[SourceQuality "1"]
[TimeControl "40/5400+30:1800+30"]

1. e4 e5 2. Nf3 Nf6 3. Nxe5 d6 4. Nf3 Nxe4 5. Nc3 Nxc3 6. dxc3 Be7 7. Be3 Nd7 8. Qd2 Nf6 9. Bd3 c5 10. O-O-O Qa5 ({Black should try} 10... O-O $11) 11. a3 O-O 12. Rhe1 d5 13. Bh6 Ne4 14. Bxe4 dxe4 15. Rxe4 Be6 16. Bg5 Rfd8 17. Qe2 Rxd1+ 18. Qxd1 Bf8 19. Qe2 Re8 20. Bf4 h6 {[%emt 0:10:56] [#]} 21. g4 $1 b5 22. g5 b4 23. cxb4 cxb4 24. Bd2 Rb8 25. Rxe6 bxa3 $18 26. Ra6 axb2+ 27. Kb1 Qc7 28. gxh6 Qxc2+ 29. Kxc2 b1=Q+ 30. Kc3 Qb4+ 31. Kd3 Qb5+ 32. Kd4 0-1

[Event "Polish Youth G18 Championship 2023"]
[Site "Jastrzebia Gora"]
[Date "2023.03.15"]
[Round "5.4"]
[White "Skolska, Emilia"]
[Black "Barwinska, Ewa"]
[Result "0-1"]
[ECO "B23"]
[WhiteElo "1586"]
[BlackElo "1963"]
[Annotator "TA"]
[PlyCount "74"]
[EventDate "2023.03.11"]
[EventType "swiss"]
[EventCountry "POL"]
[SourceTitle "playchess.com"]
[Source "ChessBase"]
[SourceQuality "1"]
[TimeControl "40/5400+30:1800+30"]

1. e4 c5 2. Nc3 a6 3. f4 b5 4. d3 e6 5. g3 Bb7 6. Bg2 b4 {[%emt 0:03:22] B23: Closed Sicilian: Lines without g3.} 7. Nb1 Nf6 8. Nf3 Be7 {[%emt 0:01:48] The position is equal.} 9. O-O O-O 10. h3 d5 11. e5 Nfd7 {[%emt 0:01:00] [#]} 12. Qe1 $146 ({Predecessor:} 12. Nbd2 Nc6 13. Re1 a5 14. Nf1 Qc7 15. g4 a4 16. a3 bxa3 17. bxa3 Rab8 18. Qe2 {1-0 Romero Barreto,J (2240)-Sanchez,S (2348) San Antonio del Tachira op 2013 (4)}) 12... Nc6 13. g4 Qc7 14. g5 Nd4 15. Rf2 Nf5 {[%emt 0:02:43] Black has more active pieces.} 16. h4 Qb6 17. Bh3 a5 18. Bxf5 exf5 19. Re2 Qe6 (19... Rfe8 $17 20. h5 Nf8) 20. Nbd2 Nb6 (20... d4 $17) 21. Kh2 {[%emt 0:03:09] Black converts the advantage convincingly.} (21. d4 $1 $15) 21... Rfc8 (21... d4 $17 22. a3 Rfd8) 22. h5 (22. d4 $1 $15) 22... d4 $17 23. Qf2 a4 $36 {[%emt 0:03:11][%cal Ba5a4,Ba4b3][%mdl 2080] White is under strong pressure.} 24. Nf1 (24. Nh4 $17) 24... b3 $19 25. cxb3 (25. Ng3 $142) 25... axb3 26. a3 {[%emt 0:00:05] White is weak on the light squares} Ba6 27. Rd2 Nd5 28. Nh4 $2 (28. Qg3) 28... c4 29. dxc4 (29. Qg3 $142) 29... Rxc4 {[%emt 0:01:04] Black is clearly winning.} 30. Rd1 Rc2 31. Bd2 Bxf1 32. Rxf1 Ne3 {[%emt 0:00:58] Prevents Ng2. Threatens to win with ...Ng4+.} 33. Bxe3 dxe3 {[%emt 0:00:34][%mdl 64] [#] Pin} 34. Qxc2 bxc2 35. Rac1 Rc8 {[%emt 0:00:39] White must now prevent ...e2.} 36. Rfe1 Qc4 37. Kg3 {[%emt 0:00:52] [#]} Bxg5 $1 {[%emt 0:00:43] Weighted Error Value: White=1.00/Black=0.14 (very precise)} 0-1

[Event "Polish Youth G18 Championship 2023"]
[Site "Jastrzebia Gora"]
[Date "2023.03.15"]
[Round "5.5"]
[White "Bialek, Alicja"]
[Black "Nowak, Roksana"]
[Result "0-1"]
[ECO "B90"]
[WhiteElo "1576"]
[BlackElo "1816"]
[Annotator "NA RC COMBH"]
[PlyCount "86"]
[EventDate "2023.03.11"]
[EventType "swiss"]
[EventCountry "POL"]
[SourceTitle "playchess.com"]
[Source "ChessBase"]
[SourceQuality "1"]
[TimeControl "40/5400+30:1800+30"]

1. e4 c5 2. Nf3 d6 3. d4 cxd4 4. Nxd4 Nf6 5. Nc3 a6 6. Nb3 g6 7. Be2 Bg7 8. O-O {[%emt 0:00:53] 8.Be3 is the modern continuation.} O-O 9. Re1 Nbd7 10. Bg5 b5 {[%emt 0:03:47] [#]} 11. a4 $146 ({Predecessor:} 11. Bf1 Bb7 12. Nd5 h6 13. Bxf6 Nxf6 14. c3 Nxe4 15. c4 e6 16. Rxe4 exd5 17. cxd5 Bxb2 {1-0 Sliwicka,A (2308)-Sadzikowski,D (2529) Katowice POL-HUN 9th rapid 2021 (7)}) 11... b4 12. Nd5 Nxd5 13. exd5 Bxb2 14. Bf3 Ne5 15. Rb1 Bc3 16. Nd2 Bd7 17. Re2 Bf5 18. Be4 Bd7 19. a5 f6 20. Bh6 Re8 21. Nb3 Ba4 22. Bd2 Bxb3 23. Bxc3 bxc3 24. Rxb3 f5 25. Bf3 Qxa5 26. Re3 Rec8 27. Be2 Rc7 28. Qe1 Rac8 29. h3 {[%emt 0:00:20] [#]} f4 $1 ({Worse is} 29... Qxd5 30. Bxa6 Ra8 31. Rexc3) 30. Re4 Qxd5 31. Bxa6 Ra8 32. Bf1 Ra2 33. Qb1 Qxe4 34. Rb8+ $19 Kg7 35. Qxa2 Nf7 36. Qa5 Qc6 37. Bb5 Qc5 38. Qa8 Ra7 39. Rg8+ Kf6 40. Qe8 Ra1+ 41. Bf1 Qc4 42. Rf8 Qxf1+ 43. Kh2 Qg1# 0-1

[Event "Polish Youth G18 Championship 2023"]
[Site "Jastrzebia Gora"]
[Date "2023.03.15"]
[Round "5.6"]
[White "Lukasik, Zuzanna"]
[Black "Mroz, Lena"]
[Result "1/2-1/2"]
[ECO "B44"]
[WhiteElo "1781"]
[BlackElo "1635"]
[Annotator "NA RC COMBH"]
[PlyCount "83"]
[EventDate "2023.03.11"]
[EventType "swiss"]
[EventCountry "POL"]
[SourceTitle "playchess.com"]
[Source "ChessBase"]
[SourceQuality "1"]
[TimeControl "40/5400+30:1800+30"]

1. e4 c5 2. Nf3 e6 3. d4 cxd4 4. Nxd4 Nc6 5. Nxc6 bxc6 6. Bd3 d5 7. O-O Bc5 8. Qe2 Ne7 9. c4 d4 10. f4 O-O 11. Kh1 f5 12. e5 Ng6 13. Nd2 Be7 14. a3 a5 15. Rb1 a4 16. b4 axb3 17. Rxb3 Rf7 18. g3 Bf8 19. Nf3 Rfa7 20. Bb2 Bxa3 21. Bxd4 c5 22. Bc3 Ne7 23. Rd1 Rd7 24. Rbb1 Nc6 25. Kg1 Bb4 26. Ra1 Rxa1 27. Bxa1 Ba6 28. Bc2 Rxd1+ 29. Bxd1 Bxc4 30. Qxc4 Qxd1+ 31. Kg2 Qd5 32. Qa6 h6 33. Qe2 Nd4 34. Bxd4 cxd4 35. Qd3 Bc3 36. Kf2 Qe4 37. Qc4 Qe3+ 38. Kg2 Kh7 39. Qxe6 Qe2+ 40. Kh3 Qf1+ 41. Kh4 Qxf3 42. Qxf5+ 1/2-1/2

[Event "Polish Youth G18 Championship 2023"]
[Site "Jastrzebia Gora"]
[Date "2023.03.15"]
[Round "5.7"]
[White "Labedz, Gabriela"]
[Black "Arciszewska, Zuzanna"]
[Result "1/2-1/2"]
[ECO "C55"]
[WhiteElo "1425"]
[BlackElo "1750"]
[Annotator "NA RC COMBH"]
[PlyCount "77"]
[EventDate "2023.03.11"]
[EventType "swiss"]
[EventCountry "POL"]
[SourceTitle "playchess.com"]
[Source "ChessBase"]
[SourceQuality "1"]
[TimeControl "40/5400+30:1800+30"]

1. e4 e5 2. Nf3 Nc6 3. d4 exd4 4. Bc4 Nf6 5. e5 d5 6. Bb5 Ne4 7. Nxd4 Bd7 8. Bxc6 bxc6 9. O-O Bc5 10. Be3 Bb6 11. Nd2 Nxd2 12. Qxd2 c5 13. Nb3 d4 14. Bg5 Qc8 15. c3 dxc3 16. Qxc3 O-O 17. Nxc5 Bc6 18. Nb3 Bb5 19. Rfe1 Bxf2+ 20. Kxf2 Qf5+ 21. Kg1 Qxg5 22. Nd4 Bd7 23. Qxc7 Bh3 24. Qc6 Rac8 25. Qf3 Be6 26. Qe3 Qxe3+ 27. Rxe3 Rfd8 28. Nxe6 fxe6 29. Rae1 Rc2 30. R1e2 Rdd2 31. Rxd2 Rxd2 32. Ra3 Rxb2 33. Rxa7 h6 34. h3 Rb5 35. a4 Rxe5 36. a5 Re3 37. Kf2 Ra3 38. Re7 Rxa5 39. Rxe6 1/2-1/2